 Dungeon Crawl Stone Soup version 0.26-a0-737-g4e9f4955e2 (webtiles) character file.

Game seed: 12213233637315993453

10955 mhtbhm the Cleaver (level 11, -4/151 HPs)
             Began as a Minotaur Berserker on Nov 4, 2020.
             Was a High Priest of Trog.
             Slain by an orc warlord
             ... wielding a +1 battleaxe
              (18 damage)
             ... on level 2 of the Orcish Mines.
             The game lasted 00:19:21 (10809 turns).

mhtbhm the Cleaver (Minotaur Berserker)            Turns: 10809, Time: 00:19:22

Health: -4/151     AC: 16    Str: 25    XL:     11   Next: 43%
Magic:  19/19      EV: 26    Int:  4    God:    Trog [*****.]
Gold:   926        SH:  5    Dex: 10    Spells: 10/10 levels left

rFire    . . .     SeeInvis +   a - +2 hand axe (freeze)
rCold    . . .     Faith    .   c - +0 buckler "Ywaurirch" {Rampage rPois SInv}
rNeg     + . .     Spirit   .   b - +2 chain mail {rN+}
rPois    +         Reflect  .   (helmet restricted)
rElec    .         Harm     .   y - +0 cloak
rCorr    .         Rampage  +   (no gloves)
MR       +....                  j - +0 pair of boots
Stlth    ..........             t - amulet of the acrobat
HPRegen  0.35/turn              w - ring of magical power
MPRegen  0.16/turn              (no ring)

@: berserking, acrobat, very quick
A: retaliatory headbutt, horns 2, magic resistance 1, MP-powered wands
a: Berserk, Trog's Hand, Brothers in Arms, Renounce Religion


You were on level 2 of the Orcish Mines.
You worshipped Trog.
Trog was extremely pleased with you.
You visited 2 branches of the dungeon, and saw 12 of its levels.

You collected 926 gold pieces.

Inventory:

Hand Weapons
 a - a +2 hand axe of freezing (weapon)
Missiles
 l - 16 poisoned darts (quivered)
 D - 7 silver javelins
Armour
 b - a +2 chain mail of positive energy (worn)
 c - the +0 buckler "Ywaurirch" (worn) {Rampage rPois SInv}
   (You found it on level 9 of the Dungeon)

   It protects you from poison.
   It lets you see invisible.
   It bestows one free step when moving towards enemies.
 j - a +0 pair of boots (worn)
 n - a +0 kite shield
 y - a +0 cloak (worn)
Jewellery
 t - an amulet of the acrobat (around neck)
 v - an uncursed ring of fire
 w - a ring of magical power (left hand)
 H - an uncursed amulet of regeneration {unknown}
Wands
 q - a wand of flame (25)
 I - a wand of acid (10)
Scrolls
 d - 2 scrolls of enchant armour
 f - 4 scrolls of immolation
 g - 6 scrolls of remove curse
 h - 3 scrolls of enchant weapon
 r - 3 scrolls of blinking
 u - a scroll of fear
 z - 3 scrolls of fog
 B - a scroll of brand weapon
 C - a scroll of holy word {unknown}
Potions
 e - a potion of berserk rage {unknown}
 i - a potion of cancellation {unknown}
 o - 5 potions of curing {unknown}
 p - a potion of brilliance {unknown}
 s - a potion of degeneration {unknown}
 x - 2 potions of heal wounds
 A - a potion of resistance {unknown}
 E - a potion of ambrosia {unknown}
 F - 3 potions of flight
Miscellaneous
 G - a lightning rod (4/4)


   Skills:
 + Level 10.5 Fighting
 + Level 13.8 Axes
 + Level 9.7 Armour
 + Level 5.5 Dodging
 + Level 1.9 Stealth
 + Level 7.0 Shields
 + Level 1.0 Unarmed Combat


You had 10 spell levels left.
You didn't know any spells.
Your spell library was empty.

Dungeon Overview and Level Annotations

Branches:
Dungeon (10/15)            Temple (0/1) D:4             Orc (1/2) D:10
    Elf (0/3) Orc:2
   Lair: D:8-11

Altars:
Trog
Xom
Zin

Shops:
D:5 (   Orc:1 :

Annotations:
D:4 1 runed translucent door, Sin92's ghost, novice DsFi


Innate Abilities, Weirdness & Mutations

You reflexively headbutt those who attack you in melee.
You have a pair of horns on your head.
You are resistant to hostile enchantments. (MR+)
You expend magic power (3 MP) to strengthen your wands.


Message History

You kill the orc priest!
Trog accepts your kill.
You hit the orc warlord. You freeze the orc warlord. You slash the orc warrior!
You freeze the orc warrior.
You kill the orc warrior!
Trog accepts your kill.
You slash the orc wizard! You freeze the orc wizard.
You kill the orc wizard!
Trog accepts your kill.
Trog appreciates your killing of a magic user.
You hit the orc warlord. You freeze the orc warlord.
The orc warlord hits you with a +1 battleaxe!!!
* * * LOW HITPOINT WARNING * * *
You hear a shout!
Items here: $ ))))) [[[ †††.
Unknown command.
You feel a strong urge to attack something.
You block the orc priest's attack.
The orc warlord hits you with a +1 battleaxe!!
You die...

## ###.### #.....#
#....######
###..))[o$..##
#........)@...#
#.......)oo<.##
.#.......oO.#....
....$....oo.....#
......>.........#
....#.##.........#
...## #..........
.. .....§§§..


You could see an orc warlord (strong), an orc knight (strong), an ogre mage, 2
orc priests and 2 orc wizards.

Vanquished Creatures
  A two-headed ogre (D:9)
  An orc high priest (Orc:2)
  2 orc knights (D:10)
  2 trolls
  A hornet (D:5)
  Grinder (D:3)
  Sigmund (D:2)
  4 yaks (D:10)
  2 wargs
  Menkaure (D:5)
  2 water moccasins
  Purgy (D:3)
  4 black bears
  21 orc warriors
  3 sky beasts
  6 ogres
  A phantom (D:4)
  4 centaurs
  2 big kobolds
  8 bullfrogs
  A wyvern zombie (D:7)
  6 killer bees (D:10)
  2 howler monkeys
  4 bullfrog zombies
  A hound (D:6)
  A jelly (D:6)
  22 orc wizards
  2 bullfrog skeletons
  16 orc priests
  Jessica (D:2)
  4 iguanas
  Ijyb (D:3)
  7 worker ants
  Terence (D:2)
  A killer bee zombie (D:6)
  A hound zombie (D:10)
  2 hound skeletons (D:10)
  A howler monkey zombie (D:3)
  4 worker ant zombies
  Robin (D:3)
  4 adders
  4 shadow imps
  3 ufetubi
  An ooze (D:4)
  2 adder zombies
  3 adder skeletons
  A worm (D:2)
  4 dart slugs
  6 leopard geckos
  59 orcs
  3 ball pythons (D:1)
  9 bats
  6 giant cockroaches
  5 hobgoblins (D:2)
  18 jackals
  4 quokkas
  A ball python zombie (D:3)
  2 frilled lizards
  14 goblins
  A jackal zombie (D:3)
  21 kobolds
  2 quokka skeletons
  A quokka zombie (D:3)
  7 rats
328 creatures vanquished.

Vanquished Creatures (others)
  5 dream sheep (D:6)
  4 plants (D:10)
  2 withered plants (D:3)
11 creatures vanquished.

Grand Total: 339 creatures vanquished

Notes
Turn   | Place    | Note
-------+----------+-------------------------------------------
     0 | D:1      | mhtbhm the Minotaur Berserker began the quest for the Orb.
     0 | D:1      | Reached XP level 1. HP: 19/19 MP: 0/0
   243 | D:1      | Reached XP level 2. HP: 27/27 MP: 1/1
   308 | D:1      | You fall into a shaft and drop 1 floor!
   311 | D:2      | Reached skill level 4 in Axes
   400 | D:2      | Noticed Terence
   413 | D:2      | Killed Terence
   413 | D:2      | Reached XP level 3. HP: 34/34 MP: 2/2
   517 | D:2      | Noticed Sigmund
   529 | D:2      | Killed Sigmund
   529 | D:2      | Reached skill level 5 in Fighting
   529 | D:2      | Reached skill level 5 in Axes
   529 | D:2      | Reached XP level 4. HP: 34/42 MP: 3/3
   529 | D:2      | Reached XP level 5. HP: 39/48 MP: 4/4
   779 | D:1      | Reached ** piety under Trog
  1626 | D:2      | Noticed Jessica
  1640 | D:2      | Killed Jessica
  1846 | D:2      | Reached XP level 6. HP: 54/56 MP: 5/5
  1962 | D:2      | Found a glowing silver altar of Zin.
  2037 | D:2      | Reached skill level 6 in Axes
  2430 | D:2      | Gained mutation: You expend magic power (3 MP) to
                  | strengthen your wands. [potion of mutation]
  2430 | D:2      | Gained mutation: You are resistant to hostile enchantments.
                  | (MR+) [potion of mutation]
  2828 | D:3      | Reached *** piety under Trog
  2857 | D:3      | Noticed Ijyb
  2875 | D:3      | Killed Ijyb
  3010 | D:3      | Noticed Purgy
  3029 | D:3      | Killed Purgy
  3029 | D:3      | Reached skill level 7 in Axes
  3029 | D:3      | Reached XP level 7. HP: 43/63 MP: 6/6
  3199 | D:3      | Noticed Grinder
  3209 | D:3      | Killed Grinder
  3341 | D:3      | Noticed Robin
  3350 | D:3      | Killed Robin
  3352 | D:3      | Reached skill level 1 in Shields
  3515 | D:4      | Reached skill level 5 in Armour
  3561 | D:4      | Found a staircase to the Ecumenical Temple.
  3595 | D:4      | Reached skill level 8 in Axes
  3631 | D:4      | Noticed Sin92's ghost (novice DsFi)
  3632 | D:4      | Found a runed translucent door.
  4121 | D:4      | Reached XP level 8. HP: 71/71 MP: 7/7
  4261 | D:5      | Entered Level 5 of the Dungeon
  4266 | D:5      | Reached skill level 1 in Unarmed Combat
  4376 | D:5      | Found Maat's Weapon Shop.
  4445 | D:5      | Noticed a hornet
  4457 | D:5      | Killed a hornet
  4457 | D:5      | Reached skill level 9 in Axes
  4676 | D:5      | Noticed Menkaure
  4681 | D:5      | Killed Menkaure
  5152 | D:6      | Found a bloodstained altar of Trog.
  5177 | D:6      | Reached skill level 1 in Stealth
  5294 | D:6      | Reached **** piety under Trog
  5294 | D:6      | Reached skill level 10 in Axes
  5294 | D:6      | Reached XP level 9. HP: 54/79 MP: 8/8
  5412 | D:6      | Found a shimmering altar of Xom.
  6163 | D:6      | You fall into a shaft and drop 1 floor!
  6580 | D:7      | Found a transporter.
  6728 | D:7      | Reached skill level 11 in Axes
  6728 | D:7      | Reached skill level 5 in Dodging
  6829 | D:7      | Reached ***** piety under Trog
  7079 | D:7      | Found a transporter.
  7891 | D:9      | Noticed a two-headed ogre
  7904 | D:9      | Killed a two-headed ogre
  7904 | D:9      | Reached skill level 12 in Axes
  7904 | D:9      | Reached skill level 5 in Shields
  7904 | D:9      | Reached XP level 10. HP: 65/90 MP: 9/9
  8155 | D:9      | Got an ichor-stained buckler
  8166 | D:9      | Identified the cursed +0 buckler "Ywaurirch" {Rampage rPois
                  | SInv} (You found it on level 9 of the Dungeon)
  8708 | D:10     | Entered Level 10 of the Dungeon
  9239 | D:10     | Got a twisted long sword
  9240 | D:10     | Identified the cursed +2 long sword of the Hero {vorpal,
                  | rF+ MR+} (You found it on level 10 of the Dungeon)
  9449 | D:10     | Found a staircase to the Orcish Mines.
  9669 | Orc:1    | Entered Level 1 of the Orcish Mines
  9669 | Orc:1    | Found Kiorumar's Book Boutique.
  9669 | Orc:1    | Noticed an orc knight
  9678 | D:10     | Reached skill level 13 in Axes
  9689 | D:10     | Killed an orc knight
  9689 | D:10     | Reached skill level 10 in Fighting
  9794 | Orc:1    | Received a gift from Trog
  9937 | Orc:1    | Reached XP level 11. HP: 99/99 MP: 10/10
  9953 | Orc:1    | Noticed an orc knight
  9969 | D:10     | Killed an orc knight
 10765 | Orc:1    | You fall into a shaft and drop 1 floor!
 10765 | Orc:2    | Entered Level 2 of the Orcish Mines
 10765 | Orc:2    | Noticed an orc knight
 10765 | Orc:2    | Noticed an orc sorcerer
 10765 | Orc:2    | Noticed an orc sorcerer
 10765 | Orc:2    | Noticed an orc knight
 10765 | Orc:2    | Noticed an ogre mage
 10770 | Orc:2    | Found a staircase to the Elven Halls.
 10777 | Orc:2    | Noticed an orc warlord
 10778 | Orc:2    | Noticed an orc high priest
 10800 | Orc:2    | Killed an orc high priest
 10809 | Orc:2    | Slain by an orc warlord

Illustrated notes

Levels and vault maps discovered:
D:1:      eino_arrival_water_cross, layout_basic, minmay_shallow_snake_nest
D:2:      layout_basic, zin_treasury, minmay_ruptured, uniq_terence,
          uniq_sigmund, uniq_jessica
D:3:      layout_basic, serial_undead, serial_undead_e, serial_undead_b,
          serial_undead_b, serial_undead_a, serial_undead_f, serial_undead_d,
          serial_undead_e, serial_undead_e, serial_undead_a, serial_undead_f,
          uniq_ijyb, uniq_purgy, uniq_grinder, uniq_robin
D:4:      minmay_angry_zag, layout_gridville, minmay_temple_entry_stoned_glass,
          hellmonk_ghost_happy_afterlife
D:5:      layout_loops_ring, serial_shops, shop_fountains, uniq_menkaure
D:6:      layout_loops_ring, kb_xom_exploding_sheep, trog_ov_bears_minmay
D:7:      gammafunk_the_bubble [the_bubble_gammafunk_plus_minus],
          layout_loops_cross
D:8:      layout_rooms, minivault_26
D:9:      layout_basic, nicolae_ru_the_path_less_chosen
D:10:     layout_roguey, david_orc_4, serial_bayou_pond_c
Orc:1:    layout_caves, serial_shops, shop
Orc:2:    grunt_orc_tribal_feast, layout_diamond_mine, basic_altar,
          guppyfry_orc_lava_fort

Skill      XL: |  1  2  3  4  5  6  7  8  9 10 11 |
---------------+----------------------------------+-----
Fighting       | 4 5 6 7 8 10 | 10.5
Axes           | 4 5 7 8 10 12 13 | 13.8
Armour         | 3 4 5 6 7 8 9 |  9.7
Dodging        | 3 4 5 |  5.5
Shields        | 1 2 5 6 7 |  7.0
Unarmed Combat | 1 |  1.0
Stealth        | 1 |  1.9

Action                   |  1- 3 |  4- 6 |  7- 9 | 10-12 || total
-------------------------+-------+-------+-------+-------++-------
Melee: Hand axe          |    68 |   166 |   364 |   248 ||   846
       Headbutt          |     7 |    27 |    81 |    56 ||   171
       Unarmed           |       |     1 |       |       ||     1
Invok: Berserk           |     2 |     1 |     6 |     4 ||    13
  Use: Scroll            |       |     3 |     3 |    11 ||    17
       Potion            |       |     1 |       |     1 ||     2
Armor: Chain mail        |    47 |   106 |   101 |    91 ||   345
       Troll leather arm |       |       |    14 |       ||    14
Dodge: Dodged            |    35 |    73 |   131 |   121 ||   360
Block: Buckler           |       |    10 |     7 |    44 ||    61
       Kite shield       |       |       |   109 |     7 ||   116

Table legend: (Time is in decaauts)
 A = Elapsed time spent in this place.
 B = Non-inter-level travel time spent in this place.
 C = Inter-level travel time spent in this place.
 D = Time resting spent in this place.
 E = Time spent auto-exploring this place.
 F = Levels seen in this place.
 G = Mean time per level.
                   A        B        C        D        E       F      G
               +--------+--------+--------+--------+--------+-----+--------+
         Total |  10808 |  10808 |      0 |   1999 |   6016 |  12 |  900.7 |
       Dungeon |  10247 |  10247 |      0 |   1933 |   5748 |  10 | 1024.7 |
  Orcish Mines |    561 |    561 |      0 |     66 |    268 |   2 |  280.5 |
               +--------+--------+--------+--------+--------+-----+--------+

Top non-repeatable levels by time:
    D:10: 1490 daAuts
     D:2: 1322 daAuts
     D:7: 1298 daAuts
     D:1: 1182 daAuts
     D:6: 1080 daAuts
     D:3: 1059 daAuts
     D:5: 836 daAuts
     D:4: 752 daAuts
     D:9: 644 daAuts
     D:8: 579 daAuts
   Orc:1: 535 daAuts
   Orc:2: 26 daAuts
